 Dungeon Crawl Stone Soup version 0.27.1-33-g824d729ab1 (webtiles) character file.

Game seed: 17285235944782801965

186 SensoryNuts the Covered (level 5, -1/33 HPs)
             Began as a Gargoyle Fighter on Dec 11, 2021.
             Killed by divine providence
             ... invoked by an orc priest
              (12 damage)
             ... on level 4 of the Dungeon.
             The game lasted 00:04:18 (2893 turns).

SensoryNuts the Covered (Gargoyle Fighter)          Turns: 2893, Time: 00:04:19

Health: -1/33      AC: 12    Str: 20    XL:     5   Next: 66%
Magic:  5/5        EV:  7    Int:  9    God:
Gold:   96         SH:  9    Dex:  9    Spells: 4/4 levels left

rFire    . . .     SeeInvis .   a - +0 long sword (drain)
rCold    . . .     Faith    .   c - +0 kite shield
rNeg     + . .     Spirit   .   b - +1 scale mail
rPois    ∞         Reflect  .   (no helmet)
rElec    +         Harm     .   (no cloak)
rCorr    .         Rampage  .   (no gloves)
Will     .....                  (no boots)
Stlth    ..........             (no amulet)
HPRegen  0.11/turn              (no ring)
MPRegen  0.09/turn              (no ring)

@: mighty
A: sickness immunity, AC +4, negative energy resistance 1, electricity
resistance, torment resistance 1, petrification resistance
a: no special abilities


You were on level 4 of the Dungeon.
You visited 1 branch of the dungeon, and saw 4 of its levels.

You collected 96 gold pieces.

Inventory:

Hand Weapons
 a - a +0 long sword of draining (weapon)
Armour
 b - a +1 scale mail (worn)
 c - a +0 kite shield (worn)
Scrolls
 e - a scroll of summoning
 f - a scroll of identify
 g - 2 scrolls of enchant armour
 k - a scroll of immolation
Potions
 d - a potion of might


   Skills:
 + Level 3.8 Fighting
 + Level 3.0 Long Blades
 + Level 4.6 Armour
 + Level 0.4 Dodging
 + Level 0.1 Stealth
 + Level 4.4 Shields


You had 4 spell levels left.
You didn't know any spells.
Your spell library contained the following spells:

 Spells                   Type           Power      Damage    Failure   Level
 Foxfire                  Conj/Fire      0%         2x1d4     99%         1
 Conjure Flame            Conj/Fire      0%         6-21      100%        3
 Inner Flame              Hex/Fire       0%         N/A       100%        3


Dungeon Overview and Level Annotations

Branches:
Dungeon (4/15)
 Temple: D:4-7

Altars:


Innate Abilities, Weirdness & Mutations

You are immune to sickness and miasma.
Your stone body is resilient. (AC +4)
You are immune to poison.
You resist negative energy. (rN+)
You are resistant to electric shocks. (rElec)
You are resistant to unholy torment.
You are immune to petrification.


Message History

The orc priest shouts!
An orc comes into view. It is wielding a +0 short sword.
There are monsters nearby!
The orc shouts!
An orc comes into view. It is wielding a +0 whip.
The orc shouts!
An orc comes into view. It is wielding a +0 dagger.
The orc shouts!
The orc priest hits you but does no damage.
You hit the orc priest. You drain the orc priest.
The orc priest is heavily wounded.
The orc priest barely misses you. You block the orc's attack.
You closely miss the orc priest.
The orc priest is heavily wounded.
The orc priest hits you but does no damage. x2
You block the orc's attack.
Unknown command.
You barely miss the orc priest.
The orc priest is heavily wounded.
The orc priest barely misses you.
You riposte.
You closely miss the orc priest.
The orc priest is heavily wounded.
You hit the orc priest but do no damage.
You drain the orc priest.
The orc priest is severely wounded.
The orc priest calls down the wrath of Beogh upon you.
Beogh smites you!
You closely miss the orc.
The orc priest calls down the wrath of Beogh upon you.
Beogh smites you!
You feel very mighty all of a sudden.
The orc priest hits you but does no damage.
You closely miss the orc priest.
The orc priest is severely wounded.
You closely miss the orc. The orc barely misses you.
You barely miss the orc. The orc hits you but does no damage.
The orc closely misses you. The orc hits you but does no damage.
The orc hits you but does no damage.
The orc priest calls down the wrath of Beogh upon you.
Beogh smites you!
You die...

...> .... ... ..... ..#
.#.... #.# ......#### #.#
.........###o###############
.........#..oo.@...........#
#.......#.#o############.##
.#.......#+#.# #.#
............o# #.#
.............######### #.#
#.###........#.......# #.#
...........#.#####.# #.#
........#.#.#.# #.# #.#
.........#.#.#.# #.# #.#


You could see an orc priest (drained) and 3 orcs.

Vanquished Creatures
  A scorpion (D:3)
  5 adders
  A worm (D:3)
  A dart slug (D:1)
  5 orcs (D:3)
  6 ball pythons
  9 endoplasms
  3 giant cockroaches
  7 goblins
  9 hobgoblins
  4 quokkas
  5 bats
  2 frilled lizards
  3 kobolds
  9 rats
70 creatures vanquished.

Notes
Turn   | Place    | Note
-------+----------+-------------------------------------------
     0 | D:1      | SensoryNuts the Gargoyle Fighter began the quest for the
                  | Orb.
     0 | D:1      | Reached XP level 1. HP: 14/14 MP: 1/1
    93 | D:1      | Found a faded altar of an unknown god.
   242 | D:1      | Reached XP level 2. HP: 16/19 MP: 2/2
   667 | D:1      | Reached XP level 3. HP: 20/23 MP: 3/3
  1305 | D:2      | Reached XP level 4. HP: 28/28 MP: 4/4
  2126 | D:3      | Noticed a scorpion
  2141 | D:3      | Killed a scorpion
  2142 | D:3      | Reached XP level 5. HP: 20/33 MP: 5/5
  2893 | D:4      | Killed from afar by an orc priest

Illustrated notes

Levels and vault maps discovered:
D:1:      minmay_arrival_doors, layout_loops_cross,
          hellmonk_ecumenical_altar_crossroads, chequers_serial_rivers_micro_d
D:2:      layout_loops_ring, kennysheep_generic_room_3
D:3:      layout_basic
D:4:      layout_basic, mainiacjoe_overflow_chevrons,
          minmay_temple_entry_enclosed_plants, hangedman_decor_points,
          minmay_circle_x, uniq_grinder

Skill      XL: |  1  2  3  4  5 |
---------------+----------------+-----
Armour         | 4 |  4.6
Long Blades    | 2 3 |  3.0
Shields        | 4 |  4.4
Fighting       | |  3.8
Dodging        | |  0.4
Stealth        | |  0.1

Action                   |  1- 3 |  4- 6 || total
-------------------------+-------+-------++-------
Melee: Long sword        |    99 |   109 ||   208
  Use: Scroll            |     6 |       ||     6
       Potion            |       |     1 ||     1
Armor: Scale mail        |    53 |    75 ||   128
Dodge: Dodged            |    37 |    35 ||    72
Block: Kite shield       |    72 |    64 ||   136
       Rpst.: Long sword |    16 |     7 ||    23
